AoeStats
← tigremaster

Nomad

510357795Analyzed
2v2 RM · 2d ago on Sep 30, 2026· 53m 20s· 4 players
Game mode
Random Map
Map size
176×176
Population
200
Speed
Normal
Resources
Standard
Victory
Conquest
Starting age
Dark Age
Ending age
Imperial Age
RankedLock teamsTeams togetherTeam positionsShared explorationLock speedFull tech treeHidden civsTurbo modeCheats
Victory
Defeat
🇦🇷 Spanish · Argentina
1240
+11
🇦🇷 Persians · Argentina
1088
+18
🇵🇱 Maya · Poland
1139
-15
🇵🇱 Spanish · Poland
1116
-14
Decen't
4:06 Loom
13:40 Feudal Age
14:38 Double-Bit Axe
20:19 Castle Age
19:44 Stone Mining
23:14 Bow Saw
25:10 Stone Shaft Mining
24:26 Gold Mining
25:40 Fletching
34:06 Bodkin Arrow
34:11 Padded Archer Armor
41:49 Imperial Age
40:53 Leather Archer Armor
45:44 Elite Plumed Archer
46:45 Pikeman
47:54 Bracer
48:24 Ring Archer Armor
48:20 Conscription
48:28 Halberdier
52:41 Thumb Ring
DeathNote
13:53 Feudal Age
16:12 Stone Mining
18:26 Castle Age
18:02 Double-Bit Axe
18:06 Horse Collar
20:36 Loom
21:58 Gold Mining
23:42 Wheelbarrow
23:57 Padded Archer Armor
25:12 Husbandry
27:51 Bloodlines
33:30 Leather Archer Armor
46:41 Imperial Age
52:09 Conscription
tigremaster
5:03 Loom
14:20 Feudal Age
15:05 Double-Bit Axe
15:22 Fishing Lines
16:59 Town Watch
20:32 Castle Age
18:36 Horse Collar
19:36 Forging
20:34 Bloodlines
22:58 Husbandry
24:44 Scale Barding Armor
26:25 Fletching
40:46 Imperial Age
38:55 Wheelbarrow
38:43 Heavy Plow
39:57 Kamandaran
40:46 Cavalier
42:49 Chain Barding Armor
42:24 Gold Mining
46:52 Plate Barding Armor
46:54 Iron Casting
47:50 Savar
48:05 Light Cavalry
51:16 Hussar
IMP | SUD_RATABLANCA
4:13 Loom
12:24 Feudal Age
15:40 Double-Bit Axe
20:47 Castle Age
20:12 Gold Mining
21:12 Stone Mining
23:45 Fletching
24:47 Medium Warships
24:56 Medium Warships
27:24 Wheelbarrow
27:53 Bodkin Arrow
29:30 Bloodlines
29:21 Husbandry
38:53 Husbandry
39:25 Bow Saw
42:35 Horse Collar
49:28 Imperial Age
47:27 Scale Barding Armor
48:49 Forging
49:09 Chain Barding Armor
49:18 Heavy Plow
49:47 Cavalier
51:02 Conscription
51:48 Two-Man Saw
51:56 Padded Archer Armor
Connection lost

Rejoining the realm…

Still unreachable

The connection could not be restored.

Session expired

The server has moved on; the page needs a fresh start.